 Dungeon Crawl Stone Soup version 0.22.1-1-ga44c0e56f4 (webtiles) character file.

649 Kaderl the Slinger (level 7, 0/48 HPs)
             Began as a Halfling Hunter on Sept 27, 2018.
             Killed by divine providence
             ... invoked by an orc priest
              (10 damage)
             ... on level 4 of the Dungeon.
             The game lasted 00:14:42 (4127 turns).

Kaderl the Slinger (Halfling Hunter)                Turns: 4127, Time: 00:14:43

Health: 0/48       AC:  3    Str: 13    XL:     7   Next: 83%
Magic:  7/7        EV: 16    Int:  9    God:
Gold:   105        SH:  0    Dex: 23    Spells: 6/6 levels left

rFire    . . .     SeeInvis .   a - +1 hunting sling
rCold    . . .     Gourm    .   (shield restricted)
rNeg     . . .     Faith    .   c - +0 leather armour
rPois    .         Spirit   .   (no helmet)
rElec    .         Reflect  .   (no cloak)
rCorr    .         Harm     .   (no gloves)
MR       .....                  (no boots)
Stlth    +.........             (no amulet)
HPRegen  0.16/turn              k - +6 ring of dexterity
MPRegen  0.10/turn              (no ring)

@: confused
A: small, mutation resistance 1
a: no special abilities


You were on level 4 of the Dungeon.
You were not hungry.

You visited 1 branch of the dungeon, and saw 4 of its levels.
You also visited: Sewer.

You collected 105 gold pieces.

Inventory:

Hand Weapons
 a - a +1 hunting sling (weapon)
 b - a +0 short sword
Missiles
 d - 67 sling bullets (quivered)
Armour
 c - a +0 leather armour (worn)
Jewellery
 k - a +6 ring of dexterity (left hand)
Scrolls
 i - 2 scrolls of remove curse
 o - a scroll of fear
 r - a scroll of immolation {unknown}
Potions
 e - a potion of cancellation
 h - 2 potions of flight
 j - a potion of mutation {unknown}
 l - a potion of heal wounds {unknown}
 m - 2 potions of curing
 n - a potion of ambrosia {unknown}
 q - a potion of might {unknown}
Comestibles
 f - 2 rations


   Skills:
 + Level 4.0 Fighting
 + Level 2.1 Short Blades
 + Level 9.6 Slings
 + Level 2.5 Armour
 + Level 3.0 Dodging
 + Level 2.0 Stealth


You had 6 spell levels left.
You didn't know any spells.
Your spell library was empty.

Dungeon Overview and Level Annotations

Branches:
Dungeon (4/15)
 Temple: D:4-7

Altars:
Fedhas
Makhleb


Innate Abilities, Weirdness & Mutations

You are small and have problems with some larger weapons.
You are somewhat resistant to further mutation.


Message History

The orc wizard gestures at you while chanting.
You are confused.
The orc priest invokes the aid of Beogh against you.
You struggle to resist.
Firing (i - inventory. (/) - cycle)
g - 2 stones (quivered)
Press: ? - help, Shift-Dir - straight line, f/p - orc priest
Aim: an orc priest, wielding a flail and wearing a leather armour (severely You shoot a stone.
The orc wizard hits you with a dagger.
* * * LOW HITPOINT WARNING * * *
Firing (i - inventory. (/) - cycle)
g - a stone (quivered)
Press: ? - help, Shift-Dir - straight line, f/p - orc priest
Aim: an orc priest, wielding a flail and wearing a leather armour (severely You shoot a stone.
The orc priest barely misses you.
Firing (i - inventory)
d - 68 sling bullets (quivered)
Press: ? - help, Shift-Dir - straight line, f/p - orc priest
Aim: an orc priest, wielding a flail and wearing a leather armour (severely You shoot a sling bullet.
The orc wizard barely misses you.
The orc priest invokes the aid of Beogh against you.
Beogh smites you!
You die...

#.#.# #.###.##..#.#
#.#.###.....##(.#.#
...>...........(#.#
.#.####..####.#(#.### .#.#
#..# #.#(#...# .#.#
#..####(#(###.######.#
.#.####.........(...........
..........(...(.oo..######.)
.#.####..####.##@#### .#.#
..# #(# .# . (.( .# ## .#.#.
.# ...(#.# .# (. ### # ..
#(# ## #.


You could see an orc priest and an orc wizard.

Vanquished Creatures
  A phantom (D:4)
  A centaur (D:3)
  A big kobold (Sewer)
  A hound (D:2)
  An orc wizard (D:4)
  5 orc priests (D:4)
  8 adders
  4 river rats (Sewer)
  An ooze (D:1)
  2 worms
  3 leopard geckos (D:3)
  12 orcs
  8 giant cockroaches
  6 goblins
  5 hobgoblins
  6 jackals
  9 kobolds
  A quokka (D:2)
  2 ball pythons
  7 bats
  A frilled lizard (D:2)
  7 rats
  A plant (D:3)
93 creatures vanquished.

Notes
Turn   | Place    | Note
-------+----------+-------------------------------------------
     0 | D:1      | Kaderl the Halfling Hunter began the quest for the Orb.
     0 | D:1      | Reached XP level 1. HP: 14/14 MP: 1/1
    83 | D:1      | Reached skill level 6 in Slings
   266 | D:1      | Reached XP level 2. HP: 14/19 MP: 2/2
   603 | D:1      | Reached skill level 1 in Armour
   603 | D:1      | Reached XP level 3. HP: 14/24 MP: 3/3
   818 | D:2      | Found a burning altar of Makhleb.
   832 | D:2      | Reached skill level 1 in Short Blades
   832 | D:2      | Reached XP level 4. HP: 17/29 MP: 4/4
   897 | D:2      | Reached skill level 7 in Slings
   979 | D:2      | Reached XP level 5. HP: 28/34 MP: 5/5
  1811 | D:3      | Found a glowing drain.
  1841 | Sewer    | Entered a sewer
  2215 | Sewer    | Noticed a big kobold
  2232 | Sewer    | Killed a big kobold
  2232 | Sewer    | Reached skill level 8 in Slings
  2232 | Sewer    | Reached XP level 6. HP: 41/41 MP: 6/6
  2268 | Sewer    | Found a glowing silver altar of Zin.
  3541 | D:3      | Found a blossoming altar of Fedhas.
  3719 | D:4      | Reached XP level 7. HP: 46/46 MP: 7/7
  3805 | D:4      | Reached skill level 9 in Slings
  4127 | D:4      | Killed from afar by an orc priest

Skill      XL: |  1  2  3  4  5  6  7 |
---------------+----------------------+-----
Slings         | 6 7 8 9 |  9.6
Armour         | 1 2 |  2.5
Fighting       | 2 3 4 |  4.0
Short Blades   | 1 2 |  2.1
Dodging        | 3 |  3.0
Stealth        | 2 |  2.0

Action                   |  1- 3 |  4- 6 |  7- 9 || total
-------------------------+-------+-------+-------++-------
Melee: Short sword       |    89 |    94 |       ||   183
 Fire: Hunting sling     |    32 |   178 |   108 ||   318
  Use: Scroll            |       |     7 |     1 ||     8
 Stab: Sleeping          |       |     1 |       ||     1
  Eat: Ration            |       |     3 |       ||     3
Armor: Leather armour    |    35 |    18 |     5 ||    58
Dodge: Dodged            |    98 |    78 |    54 ||   230
